 Dungeon Crawl Stone Soup version 0.31-a0-750-gfe7b580527 (webtiles) character file.

Game seed: 4175947309257833455

511 cforsyth the Sneak (level 7, -2/53 HPs)
             Began as a Djinni Delver on Sept 14, 2023.
             Killed from afar by an orc wizard (4 damage)
             ... with a magic dart
             ... on level 3 of the Dungeon.
             The game lasted 00:04:26 (2600 turns).

cforsyth the Sneak (Djinni Delver)                  Turns: 2600, Time: 00:04:26

Health: -2/53      AC:  3    Str: 11    XL:     7   Next: 43%
Gold:   125        EV: 13    Int: 13    God:
                   SH:  0    Dex: 15

rFire   + + .        a - +0 falchion
rCold   x . .        (no shield)
rNeg    . . .        b - +0 leather armour
rPois   ∞            (no helmet)
rElec   .            (no cloak)
rCorr   .            (no gloves)
SInv    .            (boots unavailable)
Will    .....        (no amulet)
Stlth   +++          (no ring)
HPRegen 0.28/turn    (no ring)
MPRegen 0.00/turn

%: infuse magic (-3 HP)
@: flying, very slightly contaminated
A: sickness immunity, fire resistance 2, cold vulnerability 1, float, innate
caster, HP casting, extra vitality 1
a: no special abilities


You were on level 3 of the Dungeon.
You visited 2 branches of the dungeon, and saw 5 of its levels.

You collected 125 gold pieces.

Inventory:

Hand Weapons
 a - a +0 falchion (weapon)
Armour
 b - a +0 leather armour (worn)
Wands
 g - a wand of digging (3)
Scrolls
 c - 2 scrolls of fog
 d - a scroll of revelation
 e - a scroll of fear
 h - a scroll of enchant armour {unknown}
 i - a scroll of silence {unknown}
Potions
 f - a potion of invisibility


   Skills:
 + Level 4.7 Fighting
 + Level 3.7 Long Blades
 + Level 4.5 Dodging
 + Level 5.3 Stealth


You knew the following spells:

 Your Spells              Type           Power      Damage    Failure   Level
a - Foxfire               Conj/Fire      0%         2x1d4     38%         1
b - Ensorcelled Hibernat  Hex/Ice        0%         N/A       52%         2
c - Dazzling Flash        Conj/Hex       0%         N/A       77%         3
Your spell library was empty.

Dungeon Overview and Level Annotations

Branches:
Dungeon (5/15)             Temple (1/1) D:4

Altars:
Ashenzari
Cheibriados
Dithmenos
Elyvilon
Gozag
Nemelex Xobeh
Okawaru
Uskayaw
Wu Jian
Yredelemnul
The Shining One

Annotations:
D:4 Robin
D:5 2 runed translucent doors


Innate Abilities, Weirdness & Mutations

You are immune to sickness and miasma.
You are immune to poison.
Your flesh is very heat resistant. (rF++)
You are vulnerable to cold. (rC-)
You float through the air rather than walking.
You learn spells naturally, not from books.
Your magical power is your life essence.
You have superior vitality. (+4 MHP)


Message History

Casting: Foxfire (safe; 38% risk of failure)
Confirm with . or Enter, or press ? or * to list all spells.
You conjure some foxfire!
The foxfire hits something. x2
The foxfire hits something but does no damage.
Something hits you but does no damage. Something hits you.
Casting: Foxfire (safe; 38% risk of failure)
Confirm with . or Enter, or press ? or * to list all spells.
You miscast Foxfire.
Nothing appears to happen.
The foxfire hits something but does no damage. x2
Something hits you.
* * * LOW HITPOINT WARNING * * *
Something hits you.
* * * LOW HITPOINT WARNING * * *
Casting: Foxfire (safe; 38% risk of failure)
Confirm with . or Enter, or press ? or * to list all spells.
You miscast Foxfire.
Nothing appears to happen.
* * * LOW HITPOINT WARNING * * *
Something hits you.
* * * LOW HITPOINT WARNING * * *
Something hits you but does no damage.
Casting: Foxfire (safe; 38% risk of failure)
Confirm with . or Enter, or press ? or * to list all spells.
You conjure some foxfire!
* * * LOW HITPOINT WARNING * * *
You hear some strange, mumbled words.
A magic dart appears from out of thin air!
The magic dart hits you.
* * * LOW HITPOINT WARNING * * *
You hear some strange, mumbled words.
A magic dart appears from out of thin air!
The magic dart hits you.
* * * LOW HITPOINT WARNING * * *
Okay, then.
As you read the scroll of fear, it crumbles to dust.
You assume a fearsome visage.
The foxfire hits something.
The foxfire hits something but does no damage.
You hear some strange, mumbled words.
A magic dart appears from out of thin air!
The magic dart hits you.
You die...

#..# #.#### #...# # ###.##
#.########.#### #..[#
#.#......#..... #.###
#.#......######
##.######.#......### #
#>.........).....#.####
#......#.#########...##
####.....{{.#### #.#.#.
#........@.....# #.#...
#.###...#..###.# #.#.#.
#...#.......##.#### #.#...
###.#.#.###.##....###.##..
#...#.# #....##.##..###.
#####.# ###.....%....##.
#.# ##.###...##....
######.####..#.##..##....
#.|..........##.##..#....


There were no monsters in sight!

Vanquished Creatures
  A black bear (D:5)
  A bullfrog (D:5)
  A scorpion (D:5)
  A howler monkey (D:5)
  2 hounds
  An orc priest (D:3)
  A sleepcap (D:4)
  2 orc wizards (D:4)
  2 gnolls (D:3)
  4 adders
  2 worms
  7 orcs
  3 ball pythons
  4 bats
  An endoplasm (D:3)
  2 giant cockroaches
  5 goblins
  A kobold (D:4)
  A quokka (D:2)
  A frilled lizard (D:3)
  3 rats (D:3)
46 creatures vanquished.

Vanquished Creatures (others)
  65 foxfires
65 creatures vanquished.

Grand Total: 111 creatures vanquished

Notes
Turn   | Place    | Note
-------+----------+-------------------------------------------
     0 | D:5      | cforsyth the Djinni Delver began the quest for the Orb.
     0 | D:5      | Reached XP level 1. HP: 20/20 MP: 0/0
    29 | D:5      | Found a broken altar of Ashenzari.
    50 | D:5      | HP: 1/20 [worm (7)]
   145 | D:5      | Noticed a hound
   159 | D:5      | HP: 1/20 [hound (1)]
   160 | D:5      | Killed a hound
   161 | D:5      | Reached XP level 2. HP: 2/25 MP: 0/0
   161 | D:5      | Reached XP level 3. HP: 3/30 MP: 0/0
   161 | D:5      | Learned a level 1 spell: Foxfire
   281 | D:5      | Noticed a bullfrog
   287 | D:5      | Killed a bullfrog
   288 | D:5      | Reached XP level 4. HP: 32/37 MP: 0/0
   288 | D:5      | Reached XP level 5. HP: 35/41 MP: 0/0
   288 | D:5      | Learned a level 2 spell: Ensorcelled Hibernation
   291 | D:5      | Noticed a phantom
   300 | D:5      | Found a basalt altar of Yredelemnul.
   348 | D:5      | Noticed a black bear
   351 | D:5      | HP: 1/41 [scorpion (7)]
   525 | D:5      | Killed a black bear
   526 | D:5      | Reached XP level 6. HP: 28/47 MP: 0/0
   595 | D:5      | Found a large runed translucent door.
   602 | D:5      | Reached skill level 5 in Stealth
   623 | D:5      | Found a large runed translucent door.
   705 | D:4      | Noticed Robin
   771 | D:4      | Found a staircase to the Ecumenical Temple.
  1196 | D:4      | Reached XP level 7. HP: 36/53 MP: 0/0
  1196 | D:4      | Learned a level 3 spell: Dazzling Flash
  1266 | Temple   | Entered the Ecumenical Temple
  1273 | D:4      | Found a shadowy altar of Dithmenos.
  1624 | D:3      | Found a white marble altar of Elyvilon.
  2599 | D:3      | HP: 1/53 [something/magic dart (5)]
  2600 | D:3      | Killed from afar by an orc wizard

Illustrated notes

Levels and vault maps discovered:
D:2:      layout_rooms
D:3:      layout_basic, mainiacjoe_overflow_concentric_impassable, minmay_cupped
D:4:      layout_basic, kiku_gazebo_pond_becter,
          grunt_dithmenos_smoke_and_mirrors, minitemple,
          minmay_temple_entry_wispy, dreamdust_wishing_well, uniq_robin
D:5:      layout_basic, general_overflow_altar,
          mainiacjoe_overflow_cross_hatched, jmf_multi_god_temple2,
          uniq_sigmund, uniq_ijyb
Temple:   hellmonk_temple_rainy

Skill      XL: |  1  2  3  4  5  6 |
---------------+-------------------+-----
Long Blades    | 2 3 |  3.7
Dodging        | 3 4 |  4.5
Fighting       | 4 |  4.7
Stealth        | 5 |  5.3

Action                     |  1- 3 |  4- 6 |  7- 9 || total
---------------------------+-------+-------+-------++-------
  Melee: Falchion          |    24 |    47 |   132 ||   203
         Punch             |       |       |     3 ||     3
   Cast: Foxfire           |     4 |    26 |     6 ||    36
    Use: Potion            |       |     2 |       ||     2
         Scroll            |       |       |     1 ||     1
   Stab: Sleeping          |     1 |       |     3 ||     4
         Invisible         |       |     2 |       ||     2
 Armour: Leather armour    |    14 |    45 |   117 ||   176
  Dodge: Dodged            |    15 |    47 |   126 ||   188

Table legend: (Time is in decaauts)
 A = Elapsed time spent in this place.
 B = Non-inter-level travel time spent in this place.
 C = Inter-level travel time spent in this place.
 D = Time resting spent in this place.
 E = Time spent auto-exploring this place.
 F = Levels seen in this place.
 G = Mean time per level.
                   A        B        C        D        E       F      G
               +--------+--------+--------+--------+--------+-----+--------+
         Total |   2608 |   2606 |      2 |    625 |   1209 |   5 |  521.6 |
       Dungeon |   2606 |   2605 |      1 |    625 |   1209 |   4 |  651.5 |
        Temple |      1 |      0 |      1 |      0 |      0 |   1 |    1.0 |
               +--------+--------+--------+--------+--------+-----+--------+

Top non-repeatable levels by time:
     D:3: 1125 daAuts
     D:4: 795 daAuts
     D:5: 655 daAuts
     D:2: 30 daAuts
  Temple: 1 daAuts
